 Dungeon Crawl Stone Soup version 0.18.1-48-g4cf74bf (webtiles) character file.

1157 Jerry the Poker (level 8, -3/58 HPs)
             Began as a Merfolk Fighter on Aug 6, 2016.
             Was a Believer of Pakellas.
             Slain by an iguana (9 damage)
             ... on level 6 of the Dungeon.
             The game lasted 00:21:18 (5953 turns).

Jerry the Poker (Merfolk Fighter)                   Turns: 5953, Time: 00:21:19

Health: -3/58      AC:  7    Str: 18    XL:     8   Next: 39%
Magic:  9/10       EV:  8    Int:  7    God:    Pakellas [**....]
Gold:   237        SH: 10    Dex: 14    Spells: 0 memorised, 7 levels left

rFire  . . .     SeeInvis .     a - +0 trident
rCold  . . .     Gourm    .     p - +0 ring mail
rNeg   . . .     Faith    .     c - +0 shield
rPois  .         Spirit   .     w - +0 helmet
rElec  .         Dismiss  .     (no cloak)
rCorr  .         Reflect  .     (no gloves)
SustAt .         Harm     .     (no boots)
MR     .....                    (no amulet)
Stlth  +.........               (no ring)
                                (no ring)

@: not resistant to hostile enchantments, very unstealthy
A: change form in water, swift swim
a: Quick Charge, Renounce Religion


You were on level 6 of the Dungeon.
You worshipped Pakellas.
Pakellas was pleased with you.
You were very hungry.

You visited 1 branch of the dungeon, and saw 6 of its levels.

You collected 237 gold pieces.

Inventory:

Hand Weapons
 a - a +0 trident (weapon)
 v - a +0 halberd
Missiles
 d - 3 tomahawks
 q - 192 stones (quivered)
Armour
 b - a +0 scale mail
 c - a +0 shield (worn)
 p - a +0 ring mail (worn)
 w - a +0 helmet (worn)
Wands
 x - a wand of slowing (15/48)
Scrolls
 e - a scroll of amnesia
 g - a scroll of remove curse
 i - 4 scrolls of identify
 r - a scroll of fear {unknown}
 s - a scroll of recharging {unknown}
 t - a scroll of immolation {unknown}
 y - a scroll of noise {unknown}
 B - a scroll of magic mapping {unknown}
Potions
 k - 3 potions of flight
 l - 2 potions of curing
 m - a potion of invisibility
 z - a potion of cure mutation {unknown}
 C - 2 potions of heal wounds {unknown}
Miscellaneous
 A - a box of beasts
Comestibles
 f - 3 bread rations
 h - a beef jerky
 j - a royal jelly
 n - a slice of pizza
 o - 3 meat rations
 u - 4 fruits


   Skills:
 - Level 3.2 Fighting
 + Level 7.9 Polearms
 + Level 4.6 Armour
 + Level 6.0 Shields
 + Level 2.8 Evocations


You had 7 spell levels left.
You didn't know any spells.

Dungeon Overview and Level Annotations

Branches:
Dungeon (6/15)             Temple (0/1) D:4

Altars:
Elyvilon
Fedhas
Makhleb
Pakellas
Qazlal
Ru
Sif Muna
Zin
The Shining One

Shops:
D:3 }   D:5 }(:}


Message History

You block the iguana's attack.
You hit the iguana but do no damage.
The iguana is almost dead.
The iguana bites you!
* * * LOW HITPOINT WARNING * * *
You closely miss the iguana.
The iguana is almost dead.
You block the iguana's attack.
You closely miss the iguana.
The iguana is almost dead.
The iguana bites you.
* * * LOW HITPOINT WARNING * * *
You closely miss the iguana.
The iguana is almost dead.
You block the iguana's attack.
You hit the iguana but do no damage.
The iguana is almost dead.
The iguana bites you!
You die...
Pakellas says: That's one more possible approach eliminated.

### ..# # #.#.#
##.#. ... #l# #@#
#.# #$# #.#
####.# ##.##.#
###.#.#.##
.#######..###...#
.........## ##.##


You could see an iguana.

Vanquished Creatures
  Menkaure (D:5)
  A water moccasin (D:5)
  A sky beast (D:6)
  A phantom (D:5)
  A necrophage (D:5)
  A centaur (D:5)
  A giant frog (D:3)
  2 crimson imps (D:5)
  A centaur zombie (D:4)
  A hound (D:4)
  3 orc priests
  An iguana (D:4)
  2 worker ants
  A worker ant zombie (D:3)
  Robin (D:4)
  6 adders
  4 gnolls (D:3)
  A shadow imp (D:6)
  An ooze (D:1)
  An adder skeleton (D:5)
  An adder zombie (D:2)
  A worm (D:2)
  A dart slug (D:4)
  2 giant geckos
  12 orcs
  A ball python (D:2)
  5 bats
  A bat zombie (D:2)
  4 giant cockroaches
  11 goblins
  10 hobgoblins
  11 jackals
  A giant cockroach zombie (D:2)
  A giant gecko skeleton (D:4)
  6 giant newts
  7 kobolds
  5 rats
112 creatures vanquished.

Vanquished Creatures (others)
  A plant (D:5)
1 creature vanquished.

Grand Total: 113 creatures vanquished

Notes
Turn   | Place    | Note
--------------------------------------------------------------
     0 | D:1      | Jerry the Merfolk Fighter began the quest for the Orb.
     0 | D:1      | Reached XP level 1. HP: 18/18 MP: 1/1
   143 | D:1      | Reached XP level 2. HP: 15/24 MP: 2/2
   411 | D:1      | Reached XP level 3. HP: 29/29 MP: 3/3
   670 | D:2      | Found a glowing golden altar of the Shining One.
  1131 | D:2      | Reached skill level 4 in Polearms
  1793 | D:2      | Reached XP level 4. HP: 9/35 MP: 4/4
  2292 | D:3      | Noticed a giant frog
  2298 | D:3      | Killed a giant frog
  2298 | D:3      | Reached skill level 5 in Polearms
  2298 | D:3      | Reached XP level 5. HP: 37/41 MP: 5/5
  2312 | D:3      | Found a burning altar of Makhleb.
  2313 | D:3      | Found a glowing silver altar of Zin.
  2313 | D:3      | Noticed an angel
  2314 | D:3      | Noticed an Executioner
  2455 | D:3      | Reached XP level 6. HP: 44/47 MP: 6/6
  2501 | D:3      | Found an oddly glowing altar of Pakellas.
  2501 | D:3      | Found Pakellas's Prime Provisions.
  2505 | D:3      | Became a worshipper of Pakellas the Inventive
  3167 | D:4      | Found a blossoming altar of Fedhas.
  3671 | D:4      | Reached skill level 6 in Polearms
  3671 | D:4      | Reached skill level 5 in Shields
  3831 | D:4      | Reached * piety under Pakellas
  3831 | D:4      | Received a gift from Pakellas
  3897 | D:4      | Noticed Robin
  3920 | D:4      | Killed Robin
  4064 | D:4      | Found a staircase to the Ecumenical Temple.
  4105 | D:4      | Reached XP level 7. HP: 52/52 MP: 7/7
  4258 | D:4      | Found a deep blue altar of Sif Muna.
  4429 | D:5      | Entered Level 5 of the Dungeon
  4437 | D:5      | Found a stormy altar of Qazlal.
  4539 | D:5      | Found Limael's Book Shoppe.
  4545 | D:5      | Found Ywuos's Gadget Shop.
  4565 | D:5      | Found a white marble altar of Elyvilon.
  4711 | D:5      | Reached skill level 1 in Evocations
  4819 | D:5      | Found Lokin's Gadget Shoppe.
  4850 | D:5      | Reached skill level 7 in Polearms
  5216 | D:5      | Noticed Menkaure
  5222 | D:5      | Killed Menkaure
  5222 | D:5      | Reached ** piety under Pakellas
  5222 | D:5      | Received a gift from Pakellas
  5222 | D:5      | Reached XP level 8. HP: 48/58 MP: 9/9
  5246 | D:5      | Found Jeara's Weapon Boutique.
  5470 | D:5      | Found a sacrificial altar of Ru.
  5953 | D:6      | Slain by an iguana

Skill      XL: |  1  2  3  4  5  6  7  8 |
---------------+-------------------------+-----
Polearms       | 4 5 6 7 |  7.9
Armour         | 3 4 |  4.6
Shields        | 4 5 6 |  6.0
Evocations     | 2 |  2.8
Fighting       | |  3.2

Action                   |  1- 3 |  4- 6 |  7- 9 || total
-------------------------+-------+-------+-------++-------
Melee: Trident           |   140 |   228 |   167 ||   535
Throw: Stone             |       |       |     7 ||     7
  Use: Potion            |     1 |     1 |     1 ||     3
       Scroll            |       |       |     7 ||     7
  Eat: Chunk             |     1 |     8 |     2 ||    11
       Beef jerky        |     1 |       |     2 ||     3
Armor: Scale mail        |    27 |       |       ||    27
       Ring mail         |    27 |    41 |    31 ||    99
Dodge: Dodged            |    39 |    53 |    43 ||   135
Block: Shield            |    59 |    76 |    67 ||   202
